 Dungeon Crawl Stone Soup version 0.26.0-16-gc1dbca0489 (webtiles) character file.

Game seed: 1033507779473454293

31673 canine the Covert (level 13, -7/104 HPs)
             Began as a Gnoll Delver on Jan 22, 2021.
             Was a High Priest of Nemelex Xobeh.
             Mangled by an eight-headed hydra (10 damage)
             ... on level 6 of the Lair of Beasts.
             The game lasted 00:27:20 (20349 turns).

canine the Covert (Gnoll Delver)                   Turns: 20349, Time: 00:27:20

Health: -7/104     AC: 21    Str: 32    XL:     13   Next: 59%
Magic:  22/25      EV: 15    Int: 13    God:    Nemelex Xobeh [*****.]
Gold:   1125       SH: 13    Dex: 17    Spells: 21/28 levels left

rFire    . . .     SeeInvis .   b - +2 dagger (venom)
rCold    . . .     Faith    .   l - +2 buckler
rNeg     . . .     Spirit   .   v - +0 chain mail
rPois    .         Reflect  +   A - +1 hat
rElec    .         Harm     .   B - +3 cloak of Patterns {Str+7}
rCorr    .         Rampage  .   K - +0 pair of gloves
Will     .....                  S - +2 pair of boots
Stlth    ++........             J - amulet of reflection
HPRegen  0.27/turn              C - +6 ring of strength
MPRegen  0.19/turn              y - ring of wizardry

@: no status effects
A: distributed training, fangs 1, strong nose
a: Renounce Religion, Draw Escape, Draw Destruction, Draw Summoning, Triple
Draw, Deal Four, Stack Five


You were on level 6 of the Lair of Beasts.
You worshipped Nemelex Xobeh.
Nemelex Xobeh was extremely pleased with you.
You visited 3 branches of the dungeon, and saw 17 of its levels.

You collected 1125 gold pieces.

Inventory:

Hand Weapons
 a - a +3 spear
 b - a +2 dagger of venom (weapon)
Missiles
 k - 45 poisoned darts (quivered)
 G - 7 silver javelins
 I - 7 curare-tipped darts
Armour
 l - a +2 buckler (worn)
 v - a +0 chain mail (worn)
 A - a +1 hat (worn)
 B - the +3 cloak of Patterns (worn) {Str+7}
   (You found it on level 6 of the Dungeon)

   It affects your strength (+7).
 K - a +0 pair of gloves (worn)
 S - a +2 pair of boots (worn)
Jewellery
 y - a ring of wizardry (right hand)
 C - a +6 ring of strength (left hand)
 J - an amulet of reflection (around neck)
 R - an uncursed ring of see invisible
Wands
 g - a wand of digging (4)
 p - a wand of disintegration (23)
 s - a wand of flame (50)
 D - a wand of iceblast (6)
 F - a wand of paralysis (10)
 M - a wand of random effects (35)
 N - a wand of polymorph (8)
 O - a wand of enslavement (3)
Scrolls
 c - 6 scrolls of fog
 d - 4 scrolls of magic mapping
 e - 3 scrolls of fear
 h - 6 scrolls of remove curse
 j - 6 scrolls of enchant armour
 o - 7 scrolls of enchant weapon
 q - 5 scrolls of teleportation
 w - 4 scrolls of amnesia
 Q - a scroll of random uselessness {unknown}
 V - a scroll of summoning {unknown}
Potions
 f - a potion of haste
 i - 3 potions of curing
 m - a potion of berserk rage {unknown}
 n - a potion of cancellation {unknown}
 r - 2 potions of flight
 t - 2 potions of mutation
 u - a potion of magic {unknown}
 x - 2 potions of lignification
 z - a potion of might
 E - a potion of invisibility {unknown}
 H - 2 potions of attraction {unknown}
 L - 2 potions of ambrosia
 P - 2 potions of brilliance {unknown}
 T - 2 potions of resistance
 W - 2 potions of heal wounds
Miscellaneous
 U - a phial of floods


   Skills:
 + Level 10.6 Fighting
 + Level 8.4 Short Blades
 + Level 8.4 Long Blades
 + Level 8.4 Axes
 + Level 8.4 Maces & Flails
 + Level 9.6 Polearms
 + Level 8.4 Staves
 + Level 8.4 Slings
 + Level 8.4 Bows
 + Level 8.4 Crossbows
 + Level 8.4 Throwing
 + Level 8.4 Armour
 + Level 9.6 Dodging
 + Level 12.3 Stealth
 + Level 8.4 Shields
 + Level 8.4 Unarmed Combat
 + Level 8.4 Spellcasting
 + Level 7.0 Conjurations
 + Level 7.0 Hexes
 + Level 7.0 Summonings
 + Level 7.0 Necromancy
 + Level 7.0 Translocations
 + Level 7.0 Transmutations
 + Level 7.0 Fire Magic
 + Level 7.0 Ice Magic
 + Level 7.0 Air Magic
 + Level 7.0 Earth Magic
 + Level 7.0 Poison Magic
 + Level 9.2 Invocations
 + Level 8.4 Evocations


You had 21 spell levels left.
You knew the following spells:

 Your Spells              Type           Power        Failure   Level
c - Call Canine Familiar  Summ           23%          3%          3
e - Summon Lightning Spi  Summ/Air       23%          11%         4

Your spell library contained the following spells:

 Spells                   Type           Power        Failure   Level
 Summon Small Mammal      Summ           92%          1%          1
 Call Imp                 Summ           23%          1%          2
 Summon Guardian Golem    Hex/Summ       23%          3%          3
 Summon Ice Beast         Ice/Summ       23%          11%         4
 Irradiate                Conj/Tmut      11%          28%         5
 Hydra Form               Tmut           11%          82%         6
 Statue Form              Tmut/Erth      15%          82%         6
 Dragon Form              Tmut           11%          100%        7


Dungeon Overview and Level Annotations

Branches:
Dungeon (10/15)            Temple (1/1) D:6            Lair (6/6) D:9
  Swamp (0/4) Lair:3       Spider (0/4) Lair:4
  Slime: Lair:5-6       Orc: D:9-12

Altars:
Ashenzari
Cheibriados
Dithmenos
Elyvilon
Fedhas
Gozag
Hepliaklqana
Kikubaaqudgha
Makhleb
Nemelex Xobeh
Okawaru
Qazlal
Ru
Sif Muna
Trog
Uskayaw
Vehumet
Wu Jian
Xom
Yredelemnul
Zin
The Shining One

Shops:
D:6 [

Annotations:
D:7 2 transporters
D:8 2 runed translucent doors
D:9 3 runed translucent doors, kaeus's ghost, novice DsFi


Innate Abilities, Weirdness & Mutations

Your experience applies equally to all skills.
You have very sharp teeth.
Your uncanny sense of smell can sniff out nearby items.


Message History

The eight-headed hydra is lightly wounded.
Your lightning spire shoots out a bolt of lightning at the eight-headed hydra!
You feel a bit more experienced.
The bolt of electricity hits the eight-headed hydra.
The bolt of electricity hits the komodo dragon.
The blink frog blinks!
The komodo dragon closely misses you.
Unknown command.
The komodo dragon misses you.
The eight-headed hydra bites you but does no damage.
The eight-headed hydra bites you!
* * * LOW HITPOINT WARNING * * *
The eight-headed hydra closely misses you.
The eight-headed hydra bites you but does no damage.
The eight-headed hydra bites you.
* * * LOW HITPOINT WARNING * * *
The eight-headed hydra bites you!
* * * LOW HITPOINT WARNING * * *
The eight-headed hydra bites you!
You die...
Your body disappears without a glow.

.#.#....#...#......
........†#.........
..........††......
.##............##
#F[.#..##...##
#......# ##.#
#.....## #
#.....####
##@.####.###
##YlD.##....##
#.#†.........#
##.8.....≈≈≈##
##......≈#≈#
#......≈###
##...#.## #.....##
#...#.#


You could see an eight-headed hydra, a komodo dragon, a blink frog, a dream
sheep and a friendly lightning spire (summoned).

Vanquished Creatures
  Gastronok (Lair:2)
  A boulder beetle (Lair:3)
  2 hydras
  A two-headed ogre (D:8)
  Sonja (Lair:5)
  An unseen horror (D:10)
  2 black mambas
  11 elephants
  7 cane toads
  A torpor snail (Lair:3)
  A centaur skeleton (D:9)
  8 komodo dragons
  3 rime drakes
  A queen bee (D:9)
  A troll (D:10)
  11 blink frogs
  2 dream sheep (Lair:6)
  3 wraiths (Lair:4)
  2 spriggans
  18 yaks
  2 basilisks
  A soldier ant (D:9)
  8 water moccasins
  An orc warrior (D:6)
  A swamp drake (Lair:1)
  3 black bears
  3 ogres (D:9)
  7 ice beasts (Lair:2)
  A necrophage (D:9)
  13 wolves
  A boggart (Lair:1)
  A centaur (D:5)
  15 bullfrogs
  A wyvern zombie (D:7)
  4 scorpions
  13 killer bees (D:9)
  4 wights (D:7)
  A jelly (D:9)
  A quasit (D:8)
  4 hounds
  A bullfrog skeleton (D:9)
  2 bullfrog zombies
  4 orc priests
  A gnoll shaman (D:8)
  An iguana (D:9)
  9 worker ants
  Natasha (D:4)
  7 orc wizards
  Ijyb (D:4)
  A killer bee zombie (D:6)
  A hound skeleton (D:4)
  A worker ant zombie (D:5)
  5 adders
  7 gnolls
  A shadow imp (D:5)
  A white imp (D:6)
  2 ufetubi (D:8)
  An adder zombie (D:5)
  4 worms
  2 dart slugs
  5 leopard geckos
  23 orcs
  5 bats
  12 giant cockroaches
  11 goblins
  6 hobgoblins
  16 jackals
  8 quokkas
  3 frilled lizards
  12 kobolds
  7 rats
324 creatures vanquished.

Vanquished Creatures (collateral kills)
  Josephine (Lair:4)
  A centaur warrior (D:9)
  2 elephants (Lair:6)
  A cane toad (Lair:5)
  2 komodo dragons
  A rime drake (Lair:6)
  A polar bear (Lair:5)
  3 blink frogs (Lair:6)
  3 dream sheep (Lair:6)
  A wraith (Lair:4)
  A yak (Lair:3)
  2 wolves (Lair:5)
  4 killer bees (D:9)
23 creatures vanquished.

Vanquished Creatures (others)
  An orc wizard (D:9)
  72 fungi
  116 plants
  4 toadstools (D:1)
193 creatures vanquished.

Grand Total: 540 creatures vanquished

Notes
Turn   | Place    | Note
-------+----------+-------------------------------------------
     0 | D:5      | Reached skill level 9 in Stealth
     0 | D:5      | canine the Gnoll Delver began the quest for the Orb.
     0 | D:5      | Reached XP level 1. HP: 23/23 MP: 1/1
    83 | D:4      | Found a bloodstained altar of Trog.
   104 | D:4      | Reached XP level 2. HP: 28/29 MP: 2/2
   148 | D:4      | Noticed a scorpion
   352 | D:2      | Reached XP level 3. HP: 30/35 MP: 3/3
   569 | D:2      | Found an opulent altar of Gozag.
   622 | D:2      | Reached skill level 1 in Invocations
  1167 | D:2      | Reached skill level 1 in Short Blades
  1167 | D:2      | Reached skill level 1 in Long Blades
  1167 | D:2      | Reached skill level 1 in Axes
  1167 | D:2      | Reached skill level 1 in Maces & Flails
  1167 | D:2      | Reached skill level 1 in Staves
  1167 | D:2      | Reached skill level 1 in Slings
  1167 | D:2      | Reached skill level 1 in Bows
  1167 | D:2      | Reached skill level 1 in Crossbows
  1167 | D:2      | Reached skill level 1 in Throwing
  1167 | D:2      | Reached skill level 1 in Armour
  1167 | D:2      | Reached skill level 1 in Shields
  1167 | D:2      | Reached skill level 1 in Unarmed Combat
  1167 | D:2      | Reached skill level 1 in Spellcasting
  1167 | D:2      | Reached skill level 1 in Evocations
  1167 | D:2      | Reached XP level 4. HP: 31/41 MP: 5/5
  1777 | D:1      | Reached skill level 1 in Conjurations
  1777 | D:1      | Reached skill level 1 in Hexes
  1777 | D:1      | Reached skill level 1 in Summonings
  1777 | D:1      | Reached skill level 1 in Necromancy
  1777 | D:1      | Reached skill level 1 in Translocations
  1777 | D:1      | Reached skill level 1 in Transmutations
  1777 | D:1      | Reached skill level 1 in Fire Magic
  1777 | D:1      | Reached skill level 1 in Ice Magic
  1777 | D:1      | Reached skill level 1 in Air Magic
  1777 | D:1      | Reached skill level 1 in Earth Magic
  1777 | D:1      | Reached skill level 1 in Poison Magic
  2461 | D:2      | Reached XP level 5. HP: 15/47 MP: 6/6
  3292 | D:3      | Reached XP level 6. HP: 45/53 MP: 8/8
  3918 | D:4      | Found a white marble altar of Elyvilon.
  4042 | D:4      | Reached skill level 5 in Polearms
  4042 | D:4      | Reached skill level 5 in Dodging
  4341 | D:4      | Found a snail-covered altar of Cheibriados.
  4421 | D:4      | Noticed Ijyb
  4442 | D:4      | Killed Ijyb
  4443 | D:4      | Reached XP level 7. HP: 31/59 MP: 10/10
  4907 | D:4      | Noticed Natasha
  4918 | D:4      | Killed Natasha
  4986 | D:4      | Found a hide-covered altar of Uskayaw.
  5623 | D:5      | HP: 2/60 [orc/+0 club (4)]
  5636 | D:5      | HP: 3/60 [worker ant zombie (1)]
  5644 | D:5      | HP: 2/60 [worker ant zombie (3)]
  6205 | D:5      | Found a shimmering altar of Xom.
  6474 | D:6      | Found Vony's Antique Armour Emporium.
  6517 | D:6      | Got a warped cloak
  6523 | D:6      | Identified the +3 cloak of Patterns {Str+7} (You found it
                  | on level 6 of the Dungeon)
  6623 | D:6      | Found a glowing silver altar of Zin.
  6677 | D:6      | Reached skill level 10 in Stealth
  6677 | D:6      | Reached XP level 8. HP: 67/67 MP: 12/12
  7021 | D:6      | Found a burning altar of Makhleb.
  7042 | D:6      | Found a staircase to the Ecumenical Temple.
  7111 | D:6      | Found a burning altar of Makhleb.
  7198 | Temple   | Entered the Ecumenical Temple
  7289 | Temple   | Became a worshipper of Nemelex Xobeh the Trickster
  7337 | D:7      | Found a transporter.
  7339 | D:7      | Noticed a kobold demonologist
  7658 | D:7      | Found a transporter.
  8199 | D:8      | Noticed a two-headed ogre
  8217 | D:8      | Killed a two-headed ogre
  8218 | D:8      | Reached XP level 9. HP: 74/74 MP: 13/15
  8262 | D:8      | Found a runed translucent door.
  8365 | D:8      | Reached * piety under Nemelex Xobeh
  8763 | D:8      | Found a runed translucent door.
  8827 | D:8      | Received a gift from Nemelex Xobeh
  9188 | D:9      | Noticed a komodo dragon
  9216 | D:9      | Killed a komodo dragon
  9217 | D:9      | Reached skill level 5 in Invocations
  9348 | D:9      | Reached XP level 10. HP: 49/80 MP: 17/17
  9363 | D:9      | Reached skill level 5 in Short Blades
  9363 | D:9      | Reached skill level 5 in Long Blades
  9363 | D:9      | Reached skill level 5 in Axes
  9363 | D:9      | Reached skill level 5 in Maces & Flails
  9363 | D:9      | Reached skill level 5 in Staves
  9363 | D:9      | Reached skill level 5 in Slings
  9363 | D:9      | Reached skill level 5 in Bows
  9363 | D:9      | Reached skill level 5 in Crossbows
  9363 | D:9      | Reached skill level 5 in Throwing
  9363 | D:9      | Reached skill level 5 in Armour
  9363 | D:9      | Reached skill level 5 in Shields
  9363 | D:9      | Reached skill level 5 in Unarmed Combat
  9363 | D:9      | Reached skill level 5 in Spellcasting
  9363 | D:9      | Reached skill level 5 in Evocations
  9697 | D:9      | Found a staircase to the Lair.
 10082 | D:9      | Noticed a centaur warrior
 10110 | D:9      | Received a gift from Nemelex Xobeh
 10213 | D:9      | Killed a centaur warrior
 10474 | D:9      | Reached skill level 11 in Stealth
 10767 | D:9      | Found a runed translucent gate.
 10767 | D:9      | Found a runed translucent gate.
 10767 | D:9      | Found a runed translucent gate.
 10768 | D:9      | Noticed a spectral centaur warrior
 10772 | D:9      | Noticed kaeus's ghost (novice DsFi)
 10772 | D:9      | Noticed a spectral wolf spider
 11078 | D:10     | Entered Level 10 of the Dungeon
 11351 | D:10     | Reached ** piety under Nemelex Xobeh
 11563 | D:10     | Killed an unseen horror
 11564 | D:10     | Reached XP level 11. HP: 38/87 MP: 19/19
 11857 | D:10     | Received a gift from Nemelex Xobeh
 12264 | Lair:1   | Entered Level 1 of the Lair of Beasts
 12279 | Lair:1   | Got a crude glass ring
 12289 | Lair:1   | Received a gift from Nemelex Xobeh
 12371 | Lair:1   | Noticed a seven-headed hydra
 12416 | Lair:1   | Reached skill level 5 in Conjurations
 12416 | Lair:1   | Reached skill level 5 in Hexes
 12416 | Lair:1   | Reached skill level 5 in Summonings
 12416 | Lair:1   | Reached skill level 5 in Necromancy
 12416 | Lair:1   | Reached skill level 5 in Translocations
 12416 | Lair:1   | Reached skill level 5 in Transmutations
 12416 | Lair:1   | Reached skill level 5 in Fire Magic
 12416 | Lair:1   | Reached skill level 5 in Ice Magic
 12416 | Lair:1   | Reached skill level 5 in Air Magic
 12416 | Lair:1   | Reached skill level 5 in Earth Magic
 12416 | Lair:1   | Reached skill level 5 in Poison Magic
 12877 | Lair:1   | Reached *** piety under Nemelex Xobeh
 13195 | Lair:1   | Identified the ring "Sikip" {*Tele Int+9} (You found it on
                  | level 1 of the Lair of Beasts)
 13844 | Lair:2   | Noticed Gastronok
 13855 | Lair:1   | Learned a level 3 spell: Call Canine Familiar
 13860 | Lair:1   | Learned a level 4 spell: Summon Lightning Spire
 13887 | Lair:2   | Killed Gastronok
 14092 | Lair:2   | Received a gift from Nemelex Xobeh
 14107 | Lair:2   | Noticed a six-headed hydra
 14146 | Lair:2   | Killed a six-headed hydra
 14621 | Lair:3   | Noticed a five-headed hydra
 15037 | Lair:3   | Reached XP level 12. HP: 96/96 MP: 22/22
 15261 | Lair:3   | Noticed a boulder beetle
 15280 | Lair:3   | Killed a boulder beetle
 15370 | Lair:3   | Found a staircase to the Swamp.
 15484 | Lair:3   | Killed a five-headed hydra
 15635 | Lair:3   | Reached **** piety under Nemelex Xobeh
 15787 | Lair:3   | Reached skill level 10 in Fighting
 15951 | Lair:3   | Received a gift from Nemelex Xobeh
 16315 | Lair:4   | Found a hole to the Spider Nest.
 16402 | Lair:4   | Received a gift from Nemelex Xobeh
 16608 | Lair:4   | Reached skill level 12 in Stealth
 16754 | Lair:4   | Received a gift from Nemelex Xobeh
 17244 | Lair:5   | Noticed Sonja
 17371 | Lair:5   | Killed Sonja
 17372 | Lair:5   | Reached XP level 13. HP: 23/103 MP: 24/24
 18235 | Lair:5   | Identified the +3 demon trident of the World {flame, rC+++
                  | Will+ Str-2 SInv}
 18400 | Lair:5   | Noticed Josephine
 18752 | Lair:4   | Killed Josephine
 19231 | Lair:5   | Received a gift from Nemelex Xobeh
 19620 | Lair:5   | Received a gift from Nemelex Xobeh
 19676 | Lair:5   | Reached ***** piety under Nemelex Xobeh
 19834 | Lair:6   | Entered Level 6 of the Lair of Beasts
 20349 | Lair:6   | HP: 3/104 [eight-headed hydra (8)]
 20349 | Lair:6   | Mangled by an eight-headed hydra

Illustrated notes

Levels and vault maps discovered:
D:1:      saegor_arrival_simple_a, layout_loops_corners,
          minmay_gold_behind_fungi, minmay_distorted
D:2:      layout_basic, grunt_gozag_statues
D:3:      layout_rooms, cheibrodos_sewer_entry_bend
D:4:      layout_loops_ring, cheibriados_altar_1, kennysheep_mini,
          lemuel_coloured_pillars_altar, lemuel_statue_altar, uniq_natasha,
          uniq_ijyb
D:5:      layout_basic, kennysheep_little_box
D:6:      layout_gridville, old_standard_altar, marbit_many_paths,
          temple_statues, serial_shops, nicolae_shop_overgrown_old_shop,
          nicolae_wand_duel, makhleb_heckhound_becter
D:7:      gammafunk_wand_slinger, layout_basic
D:8:      cheibrodos_histonic, layout_basic
D:9:      layout_basic, due_lair_maze_entry_diamond, gammafunk_ghost_necromancy,
          minivault_7
D:10:     layout_basic, dk_noncrumbling_3
Temple:   compressed_dpeg_circular_temple
Lair:1:   layout_hall_layers, st_stairs_11
Lair:2:   layout_long_grid, portal_ice_cave_entry_ice_beasts,
          nicolae_lair_grove_arrangements, beast_lair_carwin_4,
          infiniplex_staircase_pool, uniq_gastronok
Lair:3:   layout_hall_layers, swamp_mist_pool, lemuel_fruit_tree
Lair:4:   layout_regular_city, nicolae_spider_entry_non_spiders, serial_forest,
          infiniplex_forest_straight_2, infiniplex_forest_lined_corner,
          infiniplex_forest_clump_double, infiniplex_forest_pool,
          infiniplex_forest_clump_tiny, infiniplex_forest_clump_C,
          infiniplex_forest_diagonal, infiniplex_forest_corner_2,
          infiniplex_forest_straight_4, infiniplex_forest_end_double
Lair:5:   layout_small_grid, forest_entry_grove, uniq_josephine, uniq_sonja
Lair:6:   cheibrodos_lair_end_hotspot, layout_gridlike, minmay_slime_entry_eyes

Skill      XL: |  1  2  3  4  5  6  7  8  9 10 11 12 13 |
---------------+----------------------------------------+-----
Stealth        | 10 11 12 | 12.3
Invocations    | 1 2 3 4 5 6 7 8 9 |  9.2
Short Blades   | 1 2 4 5 6 7 8 |  8.4
Long Blades    | 1 2 4 5 6 7 8 |  8.4
Axes           | 1 2 4 5 6 7 8 |  8.4
Maces & Flails | 1 2 4 5 6 7 8 |  8.4
Staves         | 1 2 4 5 6 7 8 |  8.4
Slings         | 1 2 4 5 6 7 8 |  8.4
Bows           | 1 2 4 5 6 7 8 |  8.4
Crossbows      | 1 2 4 5 6 7 8 |  8.4
Throwing       | 1 2 4 5 6 7 8 |  8.4
Armour         | 1 2 4 5 6 7 8 |  8.4
Shields        | 1 2 4 5 6 7 8 |  8.4
Unarmed Combat | 1 2 4 5 6 7 8 |  8.4
Spellcasting   | 1 2 4 5 6 7 8 |  8.4
Evocations     | 1 2 4 5 6 7 8 |  8.4
Conjurations   | 1 2 3 4 5 6 7 |  7.0
Hexes          | 1 2 3 4 5 6 7 |  7.0
Summonings     | 1 2 3 4 5 6 7 |  7.0
Necromancy     | 1 2 3 4 5 6 7 |  7.0
Translocations | 1 2 3 4 5 6 7 |  7.0
Transmutations | 1 2 3 4 5 6 7 |  7.0
Fire Magic     | 1 2 3 4 5 6 7 |  7.0
Ice Magic      | 1 2 3 4 5 6 7 |  7.0
Air Magic      | 1 2 3 4 5 6 7 |  7.0
Earth Magic    | 1 2 3 4 5 6 7 |  7.0
Poison Magic   | 1 2 3 4 5 6 7 |  7.0
Polearms       | 5 6 7 8 9 |  9.6
Dodging        | 5 6 7 8 9 |  9.6
Fighting       | 7 8 9 10 | 10.6

Action                   |  1- 3 |  4- 6 |  7- 9 | 10-12 | 13-15 || total
-------------------------+-------+-------+-------+-------+-------++-------
Melee: Spear             |    78 |   311 |    64 |       |     4 ||   457
       Bite              |     6 |    29 |    67 |   144 |    98 ||   344
       Dagger            |       |       |   363 |   372 |   326 ||  1061
       Trident           |       |       |       |   294 |    52 ||   346
 Cast: Call Canine Famil |       |       |       |     1 |       ||     1
       Summon Lightning  |       |       |       |     2 |     1 ||     3
Invok: Draw Summoning    |       |       |       |     2 |     6 ||     8
       Draw Destruction  |       |       |       |     3 |     2 ||     5
       Draw Escape       |       |       |       |     1 |     2 ||     3
Evoke: Wand              |       |       |     3 |     7 |     3 ||    13
  Use: Scroll            |       |     5 |     4 |     9 |     1 ||    19
       Potion            |       |       |       |     5 |     2 ||     7
 Stab: Distracted        |     1 |     1 |       |     1 |     4 ||     7
       Sleeping          |    12 |    16 |     1 |     3 |       ||    32
       Paralysed         |       |       |       |     3 |       ||     3
Armor: Leather armour    |     6 |    15 |       |       |       ||    21
       Chain mail        |       |    25 |   151 |   174 |   133 ||   483
Dodge: Dodged            |    21 |   115 |   159 |   248 |   170 ||   713
Block: Buckler           |     8 |    65 |   169 |   394 |   227 ||   863
       Reflection        |       |       |       |     6 |     1 ||     7
